 Dungeon Crawl Stone Soup version 0.30-a0-772-g5528072125 (webtiles) character file.

Game seed: 14926957257917634949

142 jimonade the Cudgeller (level 5, 0/47 (53) HPs)
             Began as an Ogre Warper on Feb 13, 2023.
             Slain by a necrophage (2 damage)
             ... on level 3 of the Dungeon.
             The game lasted 00:06:36 (2745 turns).

jimonade the Cudgeller (Ogre Warper)                Turns: 2745, Time: 00:06:37

HP:   0/47 (53)     AC:  3    Str: 29    XL:     5   Next: 25%
MP:   8/8           EV: 10    Int: 14    God:
Gold: 180           SH:  0    Dex:  8    Spells: 2/9 levels left

rFire   . . .      SeeInvis .    a - +0 mace
rCold   . . .      Faith    .    (no shield)
rNeg    . . .      Spirit   .    b - +0 robe
rPois   .          Reflect  .    (helmet restricted)
rElec   .          Harm     .    (no cloak)
rCorr   .          Rampage  .    (gloves unavailable)
Will    .....                    (boots unavailable)
Stlth   +                        (no amulet)
HPRegen 0.27/turn                q - +6 ring of strength
MPRegen 0.11/turn                n - +6 ring of strength

@: heavily drained
A: large, unfitting armour, tough skin 1
a: no special abilities


You were on level 3 of the Dungeon.
You visited 1 branch of the dungeon, and saw 4 of its levels.

You collected 180 gold pieces.

Inventory:

Hand Weapons
 a - a +0 mace (weapon)
Missiles
 d - 7 boomerangs of dispersal (quivered)
 g - 26 stones
 p - 4 silver javelins
Armour
 b - a +0 robe (worn)
Jewellery
 i - a ring of wizardry
 n - a +6 ring of strength (right hand)
 q - a +6 ring of strength (left hand)
Scrolls
 c - 3 scrolls of blinking
 f - a scroll of poison {unknown}
 j - 4 scrolls of identify {unknown}
 l - a scroll of noise {unknown}
 o - a scroll of silence {unknown}
 r - a scroll of vulnerability {unknown}
 s - a scroll of teleportation {unknown}
 t - a scroll of enchant armour {unknown}
 u - a scroll of fear {unknown}
Potions
 e - 3 potions of heal wounds {unknown}
 h - a potion of magic {unknown}
 k - 3 potions of might {unknown}
 m - a potion of curing {unknown}


   Skills:
 + Level 3.1 Fighting
 * Level 3.7 Maces & Flails
 + Level 1.1 Throwing
 + Level 2.7 Dodging
 + Level 0.1 Stealth
 + Level 2.5 Spellcasting
 + Level 3.2 Translocations


You had 2 spell levels left.
You knew the following spells:

 Your Spells              Type           Power      Damage    Failure   Level
a - Blink                 Tloc           20%        N/A       9%          2
b - Lesser Beckoning      Tloc           20%        N/A       9%          2
c - Teleport Other        Tloc           10%        N/A       19%         3

Your spell library contained the following spells:

 Spells                   Type           Power      Damage    Failure   Level
 Vhi's Electric Charge    Tloc/Air       12%        N/A       34%         3
 Manifold Assault         Tloc           10%        N/A       52%         4


Dungeon Overview and Level Annotations

Branches:
Dungeon (4/15)
 Temple: D:4-7

Altars:

Shops:
D:2 (*[(?

Annotations:
D:2 exclusion: downstairs
D:3 exclusion: downstairs, Ijyb
D:4 Eustachio, Menkaure


Innate Abilities, Weirdness & Mutations

You are too large for most types of armour.
You have tough skin. (AC +1)


Message History

You closely miss Ijyb.
An orc comes into view. It is wielding a +0 club.
Ijyb hits you but does no damage.
You hit Ijyb.
Ijyb is lightly wounded.
Ijyb closely misses you. The necrophage hits you. Ijyb barely misses you.
The necrophage barely misses you.
You climb upwards.
Level annotation: exclusion: downstairs
There is a stone staircase leading down here.
Ijyb attacks as you move away! Ijyb hits you with a +0 club.
The necrophage hits you.
You feel drained.
Ijyb zaps a wand.
The bolt of acid hits you!
You closely miss the necrophage. The necrophage hits you.
You feel drained. Ijyb screams, "Me kill you!"
You hit the necrophage.
The necrophage is lightly damaged.
The necrophage closely misses you. The necrophage hits you.
You feel drained.
You sock the necrophage!
The necrophage is moderately damaged.
The necrophage hits you.
* * * LOW HITPOINT WARNING * * *
You barely miss the necrophage.
The necrophage is moderately damaged.
The necrophage hits you.
* * * LOW HITPOINT WARNING * * *
You feel drained.
You barely miss the necrophage.
The necrophage is moderately damaged.
The necrophage closely misses you.
You barely miss the necrophage.
The necrophage is moderately damaged.
The necrophage hits you.
* * * LOW HITPOINT WARNING * * *
You sock the necrophage!
The necrophage is severely damaged.
The necrophage hits you.
* * * LOW HITPOINT WARNING * * *
You feel drained.
You die...

######## #......#
###########......#
#...@ng..##......#
#.####.#..#......#
#.# #..#.#......####
#)# ##..........'...
#.########.....<.####
#................#
##########.......#
#.......###
#.........#


You could see a necrophage and Ijyb.

Vanquished Creatures
  A scorpion (D:3)
  An adder (D:3)
  A worm (D:3)
  3 dart slugs
  An orc (D:3)
  6 endoplasms
  5 giant cockroaches
  6 hobgoblins
  5 jackals
  11 kobolds
  4 quokkas
  A ball python (D:3)
  4 bats
  3 frilled lizards
  4 goblins
  7 rats
63 creatures vanquished.

Notes
Turn   | Place    | Note
-------+----------+-------------------------------------------
     0 | D:1      | jimonade the Ogre Warper began the quest for the Orb.
     0 | D:1      | Reached XP level 1. HP: 22/22 MP: 3/3
    95 | D:1      | Found a faded altar of an unknown god.
   214 | D:1      | Reached XP level 2. HP: 29/29 MP: 5/5
   504 | D:1      | Learned a level 2 spell: Blink
   507 | D:1      | Learned a level 2 spell: Lesser Beckoning
   623 | D:1      | You fall into a shaft and drop 1 floor!
   655 | D:2      | Reached XP level 3. HP: 23/36 MP: 6/6
   760 | D:2      | Learned a level 3 spell: Teleport Other
   770 | D:2      | Found Bukuv's Magic Scroll Emporium.
   915 | D:2      | Found Ned Isu's Weapon Boutique.
  1081 | D:2      | Found Yhodagg's Antique Armour Emporium.
  1087 | D:2      | Found Warayza's Weapon Boutique.
  1161 | D:2      | Found Keihicza's General Store.
  1477 | D:3      | Noticed a scorpion
  1690 | D:3      | Reached XP level 4. HP: 32/36 MP: 7/7
  1763 | D:3      | Killed a scorpion
  1764 | D:3      | Reached XP level 5. HP: 13/53 MP: 5/8
  2609 | D:4      | Noticed Menkaure
  2613 | D:4      | Noticed Eustachio
  2732 | D:4      | Noticed Ijyb
  2745 | D:3      | HP: 2/49 [necrophage (6)]
  2745 | D:3      | Slain by a necrophage

Illustrated notes

Levels and vault maps discovered:
D:1:      arrival_zaba_pyramid, layout_basic, serial_corexii_hall,
          corexii_hall_statues_l, corexii_hall_statues_i,
          ebering_ecumenical_altar_abandoned
D:2:      layout_loops_ring, serial_shops, nicolae_shop_waterfront, shop,
          nicolae_shop_competitors_out_of_business, nicolae_shop_trees, shop,
          hangedman_decor_riveting, moated_statue, feat_on_display
D:3:      layout_basic
D:4:      layout_basic, uniq_eustachio, uniq_ijyb, uniq_menkaure

Skill      XL: |  1  2  3  4 |
---------------+-------------+-----
Translocations | 3 |  3.2
Maces & Flails | 2 3 |  3.7
Fighting       | 3 |  3.1
Throwing       | |  1.1
Dodging        | |  2.7
Stealth        | |  0.1
Spellcasting   | |  2.5

Action                     |  1- 3 |  4- 6 || total
---------------------------+-------+-------++-------
  Melee: Mace              |   160 |    73 ||   233
         Punch             |     2 |       ||     2
   Cast: Teleport Other    |       |     1 ||     1
 Armour: Robe              |    61 |    25 ||    86
  Dodge: Dodged            |    90 |    39 ||   129

Table legend: (Time is in decaauts)
 A = Elapsed time spent in this place.
 B = Non-inter-level travel time spent in this place.
 C = Inter-level travel time spent in this place.
 D = Time resting spent in this place.
 E = Time spent auto-exploring this place.
 F = Levels seen in this place.
 G = Mean time per level.
                   A        B        C        D        E       F      G
               +--------+--------+--------+--------+--------+-----+--------+
         Total |   2803 |   2679 |    124 |    353 |   1550 |   4 |  700.8 |
       Dungeon |   2803 |   2679 |    124 |    353 |   1550 |   4 |  700.8 |
               +--------+--------+--------+--------+--------+-----+--------+

Top non-repeatable levels by time:
     D:2: 1280 daAuts
     D:3: 875 daAuts
     D:1: 635 daAuts
     D:4: 12 daAuts
